 Dungeon Crawl Stone Soup version 0.29.1-2-gbd0b4ee654 (webtiles) character file.

Game seed: 3388135361829908789

206 Avanven the Insei (level 6, -1/42 HPs)
             Began as a Djinni Transmuter on Nov 8, 2022.
             Slain by a gnoll
             ... wielding a +0 halberd
              (6 damage)
             ... on level 3 of the Dungeon.
             The game lasted 00:05:54 (2387 turns).

Avanven the Insei (Djinni Transmuter)               Turns: 2387, Time: 00:05:54

Health: -1/42      AC:  6    Str:  9    XL:     6   Next: 10%
Gold:   209        EV: 19    Int: 16    God:
                   SH:  0    Dex: 19

rFire   . . .      SeeInvis .     - Unarmed
rCold   . . .      Faith    .   (shield currently unavailable)
rNeg    . . .      Spirit   .   (body armour currently unavailable)
rPois   ∞          Reflect  .   (helmet currently unavailable)
rElec   .          Harm     .   (cloak currently unavailable)
rCorr   .          Rampage  .   (gloves currently unavailable)
Will    .....                   (boots unavailable)
Stlth   ++........              (no amulet)
HPRegen 0.14/turn               q - +4 ring of protection
MPRegen 0.00/turn               (no ring)

@: spider-form, wereblooded, flying
A: venomous fangs, flying, sickness immunity, tiny, (fire resistance 2), (cold
vulnerability 1), float, innate caster, HP casting, extra vitality 1
a: End Transformation


You were on level 3 of the Dungeon.
You were a venomous arachnid creature.
You visited 1 branch of the dungeon, and saw 3 of its levels.
You also visited: Sewer.

You collected 209 gold pieces.

Inventory:

Armour
 a - a +0 robe (melded)
 c - a +1 cloak (melded)
 i - a +2 pair of gloves (melded)
Jewellery
 q - a +4 ring of protection (left front leg)
Scrolls
 d - a scroll of silence {unknown}
Potions
 b - a potion of lignification
 f - a potion of brilliance
 g - 2 potions of heal wounds
 j - a potion of resistance
 l - 2 potions of attraction {unknown}
 p - a potion of berserk rage


   Skills:
 - Level 1.0 Fighting
 - Level 2.1 Dodging
 * Level 4.4 Unarmed Combat
 + Level 3.6 Spellcasting


You couldn't memorise any spells.
You knew the following spells:

 Your Spells              Type           Power      Damage    Failure   Level
a - Beastly Appendage     Tmut           28%        N/A       12%         1
b - Wereblood             Tmut           14%        N/A       17%         2
c - Spider Form           Tmut/Pois      14%        N/A       28%         3
d - Ice Form              Ice/Tmut       14%        N/A       58%         4
e - Slow                  Hex            56%        N/A       12%         1
f - Ensorcelled Hibernat  Hex/Ice        28%        N/A       17%         2
Your spell library was empty.

Dungeon Overview and Level Annotations

Branches:
Dungeon (3/15)              Sewer (visited)

Altars:


Innate Abilities, Weirdness & Mutations

You are a venomous arachnid creature.
You have poisonous fangs.
You are tiny and dextrous.
You are flying.
Your spellcasting is less reliable in this form.
Your armour is entirely melded.
You are incapable of wielding weapons or throwing items.
You are immune to sickness and miasma.
You are immune to poison.
((Your flesh is very heat resistant. (rF++)))
((You are vulnerable to cold. (rC-)))
You float through the air rather than walking.
You learn spells naturally, not from books.
Your magical power is your life essence.
You have superior vitality. (+4 MHP)


Message History

You bite the gnoll!
The gnoll is severely wounded.
The gnoll completely misses you. x2
You barely miss the gnoll.
The gnoll is severely wounded.
The gnoll misses you. x2
You barely miss the gnoll.
The gnoll is severely wounded.
The gnoll barely misses you. The gnoll misses you.
You hit the gnoll but do no damage.
The gnoll is poisoned.
The gnoll is severely wounded.
You hiss as the wereblood boils in your veins!
The gnoll completely misses you. x2
You hit the gnoll.
The gnoll looks even sicker.
The gnoll is almost dead.
The gnoll misses you. The gnoll closely misses you.
You hit the gnoll.
You feel a bit better.
You kill the gnoll!
You hiss as the wereblood boils in your veins!
Your transformation has ended.
Your +1 cloak unmelds from your body.
Your +2 pair of gloves unmelds from your body.
Your +0 robe unmelds from your body.
The gnoll hits you from afar with a +0 halberd!
The gnoll barely misses you.
Items here: ! $ ) ? †.
You hit the gnoll.
The gnoll is moderately wounded.
The gnoll hits you with a +0 halberd.
Casting: Wereblood (safe; 6% risk of failure)
Confirm with . or Enter, or press ? or * to list all spells.
You turn into a venomous arachnid creature.
Your +1 cloak melds into your body.
Your +2 pair of gloves melds into your body.
Your +0 robe melds into your body.
The gnoll hits you with a +0 halberd!
* * * LOW HITPOINT WARNING * * *
You barely miss the gnoll.
The gnoll is moderately wounded.
The gnoll hits you with a +0 halberd.
You die...

.######.######.........
............##.........
.##....#.##.##.........
....##.#...........#
..####+#....#.†.####
..# ........###..# #+#
......### ##†# ......#
#)# ####### ####s#
#...g## #.....##
#......### #........#
#........## ###......(#
#.......# #####....#


You could see a gnoll.

Vanquished Creatures
  Pargi (Sewer)
  2 gnolls (D:3)
  4 adders
  A worm (D:2)
  A dart slug (D:2)
  2 ball pythons (D:1)
  9 bats
  5 endoplasms
  A giant cockroach (D:3)
  6 goblins
  4 hobgoblins
  6 jackals
  A quokka (D:1)
  A frilled lizard (D:2)
  3 kobolds (D:2)
  6 rats
53 creatures vanquished.

Notes
Turn   | Place    | Note
-------+----------+-------------------------------------------
     0 | D:1      | Avanven the Djinni Transmuter began the quest for the Orb.
     0 | D:1      | Avanven set off with the following spells memorised:
                  | Beastly Appendage, Wereblood, Spider Form, Ice Form.
     0 | D:1      | Reached XP level 1. HP: 17/17 MP: 0/0
   120 | D:1      | Reached XP level 2. HP: 18/22 MP: 0/0
   945 | D:2      | Reached XP level 3. HP: 13/27 MP: 0/0
   945 | D:2      | Learned a level 1 spell: Slow
  1333 | D:2      | Reached XP level 4. HP: 24/32 MP: 0/0
  1886 | D:3      | Found a glowing drain.
  2010 | Sewer    | Entered a sewer
  2040 | Sewer    | Noticed Pargi
  2059 | Sewer    | Killed Pargi
  2060 | Sewer    | Reached skill level 4 in Unarmed Combat
  2060 | Sewer    | Reached XP level 5. HP: 12/37 MP: 0/0
  2060 | Sewer    | Learned a level 2 spell: Ensorcelled Hibernation
  2377 | D:3      | Reached XP level 6. HP: 33/42 MP: 0/0
  2387 | D:3      | Slain by a gnoll

Illustrated notes

Levels and vault maps discovered:
D:1:      minmay_arrival_five_plusses, layout_basic, minmay_lizard_king
D:2:      layout_rooms
D:3:      layout_basic, gammafunk_temple_overflow_wave,
          shapermc_ecumenical_altar_acropolis, gup_sewer_entry_glass

Skill      XL: |  1  2  3  4 |
---------------+-------------+-----
Spellcasting   | 2 3 |  3.6
Unarmed Combat | 4 |  4.4
Fighting       | |  1.0
Dodging        | |  2.1

Action                   |  1- 3 |  4- 6 || total
-------------------------+-------+-------++-------
Melee: Unarmed           |    83 |    82 ||   165
       Headbutt          |     9 |     1 ||    10
       Punch             |     3 |       ||     3
 Cast: Beastly Appendage |    16 |     3 ||    19
       Wereblood         |     4 |     5 ||     9
       Spider Form       |       |     8 ||     8
  Use: Scroll            |       |     9 ||     9
 Stab: Sleeping          |     1 |       ||     1
Armor: Robe              |    25 |    15 ||    40
       Skin              |       |     9 ||     9
Dodge: Dodged            |    40 |   105 ||   145
